 Dungeon Crawl Stone Soup version 0.30.1-4-g462c640d31 (webtiles) character file.

Game seed: 9345416877505515647

77 Powssss the Trooper (level 4, -1/41 HPs)
             Began as a Minotaur Berserker on Aug 25, 2023.
             Was a Believer of Trog.
             Slain by a cerulean imp
             ... wielding a +2 spear
             ... summoned by Natasha
              (6 damage)
             ... on level 3 of the Dungeon.
             The game lasted 00:04:13 (980 turns).

Powssss the Trooper (Minotaur Berserker)             Turns: 980, Time: 00:04:14

Health: -1/41      AC:  6    Str: 23    XL:     4   Next: 14%
Magic:  3/3        EV: 10    Int:  4    God:    Trog [**....]
Gold:   72         SH:  0    Dex: 10    Spells: 3/3 levels left

rFire   . . .        b - +0 battleaxe
rCold   . . .        (shield currently unavailable)
rNeg    . . .        m - +0 scale mail
rPois   .            (helmet restricted)
rElec   .            (no cloak)
rCorr   .            (no gloves)
SInv    .            (no boots)
Will    .....        (no amulet) Stlth
                     (no ring)
HPRegen 0.26/turn    (no ring)
MPRegen 0.08/turn

%: no passive effects
@: no status effects
A: horns 2, retaliatory headbutt
a: Renounce Religion, Berserk, Trog's Hand


You were on level 3 of the Dungeon.
You worshipped Trog.
Trog was pleased with you.
You visited 1 branch of the dungeon, and saw 4 of its levels.

You collected 72 gold pieces.

Inventory:

Hand Weapons
 a - a +0 hand axe
 b - a +0 battleaxe (weapon)
Armour
 m - a +0 scale mail (worn)
Jewellery
 d - a ring of poison resistance
 k - a +4 ring of slaying
Scrolls
 c - 2 scrolls of identify {unknown}
 e - 2 scrolls of teleportation {unknown}
 f - a scroll of vulnerability {unknown}
 g - a scroll of magic mapping {unknown}
 i - a scroll of amnesia {unknown}
Potions
 h - 2 potions of berserk rage {unknown}
 j - a potion of brilliance {unknown}


   Skills:
 + Level 4.5 Fighting
 + Level 4.5 Axes
 + Level 3.6 Armour
 - Level 2.1 Dodging


You had 3 spell levels left.
You didn't know any spells.
Your spell library was empty.

Dungeon Overview and Level Annotations

Branches:
Dungeon (4/15)
 Temple: D:4-7

Altars:
Zin

Shops:
D:1 :

Annotations:
D:3 Natasha, Sigmund
D:4 Pargi


Innate Abilities, Weirdness & Mutations

You have a pair of horns on your head.
You reflexively headbutt those who attack you in melee.


Message History

Natasha mumbles some strange words.
You feel yourself speed up. The orc barely misses you.
The endoplasm closely misses you. You furiously retaliate!
You headbutt the endoplasm!
You kill the endoplasm!
Trog accepts your kill.
Natasha mumbles some strange words.
The orc attacks as you move away! The orc hits you but does no damage.
The orc attacks as you move away! The orc hits you but does no damage.
You slice the orc!!
You kill the orc!
Trog accepts your kill. The cerulean imp barely misses you.
The cerulean imp hits you with a +2 spear.
* * * LOW HITPOINT WARNING * * *
The cerulean imp misses you.
Things that are here:
a +0 hand axe; an orc corpse You closely miss the cerulean imp.
The cerulean imp barely misses you.
The cerulean imp hits you from afar with a +0 spear.
* * * LOW HITPOINT WARNING * * *
The cerulean imp hits you with a +2 spear.
* * * LOW HITPOINT WARNING * * *
You hit the cerulean imp.
The cerulean imp is moderately wounded.
The cerulean imp hits you but does no damage.
The cerulean imp hits you with a +2 spear!
* * * LOW HITPOINT WARNING * * *
The cerulean imp barely misses you.
Okay, then.
Unknown command.
You barely miss the cerulean imp.
The cerulean imp is moderately wounded.
The cerulean imp barely misses you. The cerulean imp misses you. x2
You closely miss the cerulean imp. Your headbutt misses the cerulean imp.
The cerulean imp is moderately wounded.
The cerulean imp hits you but does no damage.
The cerulean imp hits you with a +2 spear.
You die...

############
#h5@........
###5##########
#.....# ###.###.#
##.....#.#
##........#
##..##.##.)#
#....#.# ..#
#######..#.....#.#


You could see Natasha and 2 cerulean imps.

Vanquished Creatures
  2 adders
  3 dart slugs
  An orc (D:3)
  4 bats
  6 endoplasms
  3 giant cockroaches
  2 goblins (D:1)
  5 hobgoblins
  3 jackals (D:1)
  3 kobolds
  3 quokkas
  3 ball pythons
  4 frilled lizards (D:1)
  6 rats
48 creatures vanquished.

Notes
Turn   | Place    | Note
-------+----------+-------------------------------------------
     0 | D:1      | Powssss the Minotaur Berserker began the quest for the Orb.
     0 | D:1      | Reached XP level 1. HP: 19/19 MP: 0/0
    30 | D:1      | Found a faded altar of an unknown god.
    74 | D:1      | Reached XP level 2. HP: 27/27 MP: 1/1
   131 | D:1      | Found Xaafin's Book Boutique.
   175 | D:1      | Reached ** piety under Trog
   345 | D:1      | Reached XP level 3. HP: 33/33 MP: 2/2
   790 | D:2      | You fall into a shaft and drop 2 floors!
   818 | D:4      | Noticed Pargi
   887 | D:3      | Noticed Sigmund
   919 | D:3      | Reached XP level 4. HP: 41/41 MP: 3/3
   944 | D:3      | Noticed Natasha
   961 | D:3      | Found a glowing silver altar of Zin.
   980 | D:3      | Slain by a cerulean imp

Illustrated notes

Levels and vault maps discovered:
D:1:      eino_arrival_druids_welcome, layout_rooms,
          dreamdust_ecumenical_altar_grove, serial_shops,
          nicolae_book_shop_shelving, minmay_bisected
D:2:      layout_loops_ring, minmay_close_crescents
D:3:      minmay_spotlight, layout_basic, mainiacjoe_overflow_small_starburst,
          nicolae_ru_path_of_blood, lemuel_tele_altar, uniq_natasha,
          uniq_sigmund
D:4:      layout_gridville, okawaru_metal_pillars_1_2,
          minmay_temple_entry_ruins, uniq_pargi

Skill      XL: |  1  2 |
---------------+-------+-----
Fighting       | 4 |  4.5
Axes           | 4 |  4.5
Armour         | 3 |  3.6
Dodging        | |  2.1

Action                     |  1- 3 |  4- 6 || total
---------------------------+-------+-------++-------
  Melee: Hand axe          |    48 |       ||    48
         Headbutt          |    11 |       ||    11
         Battleaxe         |    35 |     7 ||    42
 Armour: Animal skin       |    10 |       ||    10
         Ring mail         |    12 |       ||    12
         Scale mail        |     6 |    20 ||    26
  Dodge: Dodged            |    77 |    29 ||   106
